Map: [ESL] Inside and Out

Players

Probe

  • Race: Protoss Protoss
  • Spawn Location: 1:00

MeomaikA - Winner!

  • Race: Zerg Zerg
  • Spawn Location: 7:00

Event: DreamHack SC2 Masters 2022 Atlanta (Online)

VOD

Have the link to the VOD?

Description

Time

  • Played on: Oct. 2, 2022, 5:36 a.m.
  • Length: 15:08

All games in this series

Show
View Real Time Build Order
Export as new Build Order

Probe Protoss 

Build Orders: 1 Gate Expand, Oracle Opening 

Get SALT Encoding   

  12  0:00  Probe  
  13  0:12  Probe  
  14  0:18  Pylon  
  14  0:24  Probe (Chrono Boost)  
  15  0:37  Probe (Chrono Boost)  
  15  0:38  Gateway  
  16  0:45  Probe (Chrono Boost)  
  16  0:47  Assimilator  
  17  0:51  Probe  
  18  1:03  Probe  
  19  1:15  Probe  
  20  1:24  Nexus  
  20  1:33  Cybernetics Core  
  20  1:36  Probe  
  21  1:42  Assimilator  
  21  1:48  Probe  
  21  1:52  Pylon  
  22  2:00  Probe  
  23  2:07  Adept (Chrono Boost)  
  23  2:08  Probe  
  26  2:16  Probe  
  26  2:19  Stargate  
  27  2:28  Probe (Chrono Boost)  
  28  2:30  Adept  
  28  2:35  Warp Gate  
  28  2:36  Probe (Chrono Boost)  
  32  2:45  Probe x2 (Chrono Boost)  
  32  2:50  Probe (Chrono Boost)  
  32  2:51  Probe  
  35  3:02  Probe  
  40  3:05  Void Ray (Chrono Boost)  
  40  3:06  Pylon  
  40  3:09  Probe  
  41  3:15  Probe  
  42  3:21  Gateway, Probe  
  44  3:27  Probe  
  44  3:33  Probe  
  45  3:35  Oracle  
  45  3:39  Probe  
  49  3:43  Pylon  
  49  3:51  Nexus, Probe  
  50  3:56  Pylon  
  50  4:00  Probe  
  51  4:03  Probe  
  51  4:07  Robotics Facility, Assimilator  
  52  4:10  Assimilator  
  52  4:12  Probe  
  52  4:15  Probe  
  54  4:20  Shield Battery  
  54  4:24  Adept x2, Probe  
  58  4:27  Probe  
  60  4:36  Probe  
  61  4:40  Probe  
  59  4:47  Adept  
  59  4:48  Adept, Probe  
  62  4:55  Pylon  
  62  4:56  Pylon  
  62  5:00  Robotics Bay  
  62  5:01  Forge  
  62  5:02  Probe x3  
  62  5:05  Observer (Chrono Boost)  
  66  5:14  Adept x2, Probe x3, Void Ray, Pylon  
  73  5:27  Probe x3  
  76  5:36  Gateway  
  76  5:39  Photon Cannon, Probe x3  
  76  5:40  Sentry  
  76  5:41  Sentry  
  83  5:43  Shield Battery  
  83  5:49  Disruptor (Chrono Boost)  
  83  5:51  Probe x3  
  83  5:56  Shield Battery  
  89  6:03  Probe x2, Void Ray  
  89  6:04  Probe  
  96  6:14  Zealot x2  
  96  6:15  Probe  
  101  6:19  Photon Cannon  
  101  6:22  Shield Battery  
  101  6:25  Pylon  
  101  6:30  Pylon  
  101  6:32  Pylon  
  101  6:38  Protoss Ground Weapons Level 1 (Chrono Boost), Pylon  
  101  6:40  Disruptor (Chrono Boost)  
  101  6:43  Photon Cannon, Probe  
  101  6:44  Photon Cannon  
  109  6:48  Shield Battery  
  109  6:49  Twilight Council, Void Ray  
  109  6:56  Zealot x2  
  109  6:58  Probe, Assimilator  
  109  6:59  Probe  
  115  7:02  Assimilator  
  115  7:10  Gateway  
  115  7:11  Disruptor (Chrono Boost), Gateway  
  115  7:14  Gateway  
  118  7:18  Charge (Chrono Boost), Probe  
  118  7:21  Photon Cannon  
  119  7:25  Zealot  
  119  7:26  Zealot x2  
  125  7:33  Templar Archives  
  125  7:42  Gateway  
  125  7:43  Gateway  
  125  7:45  Immortal (Chrono Boost)  
  125  7:50  Nexus  
  129  8:02  Pylon  
  129  8:05  Pylon  
  114  8:16  Zealot x6  
  114  8:19  Psionic Storm  
  115  8:21  Probe  
  115  8:22  Disruptor  
  108  8:31  Robotics Facility  
  108  8:33  Probe x2  
  109  8:39  Zealot x2  
  109  8:40  Zealot x4  
  121  8:47  Probe  
  120  8:51  Nexus  
  120  8:52  Pylon  
  120  8:54  High Templar x2, Pylon  
  124  8:58  Gateway, Protoss Ground Weapons Level 2 (Chrono Boost)  
  124  9:01  Immortal (Chrono Boost)  
  124  9:02  Gateway  
  128  9:06  High Templar x4  
  133  9:14  Photon Cannon  
  133  9:15  Photon Cannon  
  133  9:17  Shield Battery  
  133  9:19  Immortal (Chrono Boost)  
  137  9:30  Shield Battery  
  137  9:31  Archon  
  137  9:32  Shield Battery, High Templar x2  
  137  9:35  Zealot, Photon Cannon  
  137  9:36  Archon  
  143  9:39  Shield Battery, Probe x2  
  145  9:49  Zealot  
  145  9:50  Zealot x3  
  145  9:53  Zealot  
  145  9:59  Zealot  
  134  10:00  Probe  
  134  10:02  Probe x2  
  134  10:05  Zealot x2  
  137  10:12  Archon x2  
  137  10:13  High Templar x4  
  143  10:16  Warp Prism (Chrono Boost)  
  143  10:18  Probe x2  
  147  10:22  Photon Cannon  
  147  10:28  Probe  
  147  10:31  Assimilator  
  147  10:32  Assimilator  
  147  10:33  Probe x2  
  147  10:35  Observer (Chrono Boost)  
  151  10:36  High Templar x2  
  151  10:42  Archon  
  155  10:46  Zealot x3  
  155  10:47  Zealot  
  163  10:57  Photon Cannon  
  163  10:59  Photon Cannon x2  
  163  11:00  Photon Cannon  
  157  11:05  Zealot x4  
  157  11:08  Zealot x3  
  157  11:15  Zealot  
  157  11:16  Zealot x2  
  163  11:20  Probe  
  163  11:25  Pylon x3  
  164  11:26  Forge  
  164  11:41  Probe  
  164  11:43  Immortal  
  163  11:54  Immortal  
  165  11:57  Zealot  
  165  11:58  Zealot x9  
  165  11:59  Probe  
  180  12:01  Probe  
  180  12:06  Probe  
  157  12:10  Probe  
  135  12:17  Archon x2  
  135  12:20  Zealot x8  
  135  12:21  Probe  
  135  12:22  Immortal  
  147  12:28  Probe  
  147  12:29  Probe  
  138  12:36  Probe  
  131  12:41  Zealot  
  131  12:42  High Templar x9  
  143  12:48  Archon x2  
  143  12:50  Archon  
  144  12:51  Probe x3  
  146  13:00  Probe  
  146  13:01  Photon Cannon  
  146  13:02  High Templar  
  146  13:04  Observer, Photon Cannon  
  146  13:05  Observer  
  151  13:15  High Templar x4  
  151  13:17  Zealot x3  
  165  13:21  Probe x2  
  165  13:22  Probe  
  165  13:25  Archon, Probe  
  169  13:38  Zealot  
  169  13:39  Zealot x5  
  176  13:41  Probe  
  176  13:43  Probe  
  177  13:51  Zealot x4  
  154  14:00  Zealot, High Templar x4  
  154  14:01  Zealot x5  
  164  14:04  Archon  
  164  14:05  Archon  
  144  14:22  Zealot x2  
  144  14:35  Zealot  
  144  14:36  Zealot x6  
  103  14:39  Zealot  
  103  14:43  High Templar  
  62  14:50  High Templar  
  44  14:57  High Templar  
Show
View Real Time Build Order
Export as new Build Order

MeomaikA Zerg - Winner!

Build Orders: Hatch First 

Get SALT Encoding   

  12  0:00  Drone  
  13  0:12  Overlord  
  13  0:16  Drone  
  14  0:30  Drone x2  
  16  0:37  Drone  
  17  0:51  Hatchery  
  17  0:53  Drone  
  17  0:58  Drone  
  18  1:10  Extractor  
  17  1:12  Spawning Pool  
  17  1:15  Drone  
  18  1:18  Drone  
  18  1:29  Drone  
  19  1:38  Drone  
  20  1:49  Overlord  
  20  1:58  Queen  
  22  2:02  Queen  
  22  2:03  Drone x2  
  26  2:10  Drone  
  26  2:11  Metabolic Boost  
  26  2:14  Drone  
  28  2:21  Drone  
  29  2:32  Hatchery  
  29  2:34  Zergling x2  
  29  2:37  Drone  
  29  2:39  Drone  
  29  2:43  Drone  
  32  2:46  Drone  
  33  2:56  Drone  
  34  2:59  Spore Crawler, Overlord  
  34  3:05  Evolution Chamber  
  32  3:06  Drone  
  32  3:07  Overlord  
  32  3:08  Drone  
  32  3:10  Drone  
  32  3:12  Drone  
  36  3:15  Spore Crawler  
  36  3:18  Drone  
  36  3:20  Drone  
  36  3:23  Drone  
  36  3:26  Drone  
  39  3:30  Zerg Melee Weapons Level 1  
  39  3:31  Drone  
  39  3:33  Drone  
  41  3:35  Drone  
  41  3:39  Extractor  
  41  3:40  Drone x2  
  43  3:41  Drone  
  43  3:44  Zergling x2  
  43  3:45  Zergling x2  
  46  3:48  Zergling x2  
  46  3:49  Zergling x2  
  46  3:52  Zergling x2  
  46  3:53  Zergling x2  
  46  3:54  Zergling x2  
  50  3:59  Lair  
  50  4:01  Zergling x2  
  51  4:05  Queen  
  51  4:09  Overlord  
  53  4:15  Drone x3  
  53  4:16  Drone  
  57  4:21  Overlord  
  57  4:24  Overlord  
  57  4:28  Drone x2  
  58  4:33  Spore Crawler  
  58  4:34  Overlord  
  58  4:35  Drone x2  
  59  4:39  Drone x2  
  59  4:42  Drone  
  60  4:46  Zergling x2  
  60  4:48  Zergling x2  
  60  4:53  Zergling x4  
  60  4:54  Zergling x2  
  60  4:56  Zergling x2, Drone x2  
  60  4:57  Drone  
  67  5:00  Hydralisk Den  
  67  5:04  Zergling x2, Drone  
  67  5:10  Drone  
  67  5:11  Drone  
  68  5:16  Overlord  
  68  5:17  Drone  
  68  5:21  Zergling x8  
  73  5:22  Overlord  
  73  5:23  Drone x3  
  73  5:25  Zerg Melee Weapons Level 2, Drone, Extractor  
  73  5:27  Drone  
  77  5:29  Drone  
  77  5:32  Drone x2  
  79  5:39  Muscular Augments  
  79  5:42  Extractor  
  79  5:46  Hydralisk x2  
  79  5:49  Drone  
  84  5:50  Drone  
  84  5:51  Hydralisk, Hatchery  
  84  5:53  Hydralisk  
  87  5:59  Overlord  
  87  6:00  Hydralisk  
  87  6:01  Hydralisk  
  87  6:04  Baneling Nest  
  90  6:06  Zergling x6  
  90  6:07  Zergling x2  
  90  6:10  Hydralisk  
  94  6:11  Overlord  
  94  6:14  Overlord  
  92  6:19  Drone x3  
  92  6:20  Drone, Extractor  
  95  6:27  Drone x7  
  95  6:30  Overlord  
  95  6:31  Drone  
  103  6:33  Queen  
  103  6:37  Overlord  
  105  6:42  Infestation Pit  
  105  6:45  Drone x5  
  108  6:49  Centrifugal Hooks  
  108  6:54  Overlord  
  108  6:55  Drone x3  
  108  6:57  Zergling x4  
  108  6:58  Zergling x2  
  108  6:59  Zergling x2  
  108  7:01  Overlord  
  115  7:04  Grooved Spines  
  115  7:14  Drone x2  
  115  7:15  Drone  
  117  7:17  Zergling x8  
  117  7:18  Zergling x2  
  117  7:19  Zergling x2  
  117  7:22  Zergling x4, Overlord  
  125  7:27  Hatchery, Hive  
  124  7:30  Zergling x6  
  124  7:31  Zergling x4  
  124  7:35  Overseer  
  129  7:42  Drone x2  
  129  7:43  Drone x4  
  135  7:47  Zergling x4  
  135  7:50  Zerg Missile Weapons Level 1  
  137  7:52  Zergling x4  
  137  7:53  Evolution Chamber  
  137  7:55  Zergling x6  
  137  7:58  Zergling x4  
  143  8:04  Zergling x6  
  145  8:06  Zergling x2  
  145  8:07  Zergling x4  
  145  8:08  Zergling x4  
  145  8:10  Zergling x6  
  145  8:11  Zergling x2  
  144  8:16  Hydralisk x3  
  144  8:19  Hydralisk  
  136  8:21  Pneumatized Carapace  
  136  8:23  Hydralisk  
  134  8:27  Hydralisk x2  
  134  8:30  Hydralisk  
  137  8:41  Hydralisk x2  
  124  8:43  Adrenal Glands  
  124  8:44  Zergling x10, Zerg Melee Weapons Level 3  
  124  8:45  Zergling x2  
  124  8:47  Hydralisk  
  126  8:49  Hydralisk x2  
  126  8:52  Zergling x2, Queen  
  126  8:55  Zergling x6  
  136  8:57  Zergling x4  
  136  8:58  Hydralisk  
  136  8:59  Hydralisk x2  
  136  9:00  Hydralisk x2  
  148  9:03  Zergling x2  
  148  9:06  Overlord x2  
  148  9:07  Overlord  
  149  9:14  Spine Crawler  
  149  9:15  Overseer, Hatchery  
  147  9:17  Zergling x4  
  149  9:28  Viper x2  
  149  9:29  Zergling x18  
  149  9:30  Zergling x2  
  149  9:31  Zergling x4  
  166  9:33  Zergling x4  
  166  9:36  Zergling x8  
  166  9:37  Zergling x2  
  173  9:39  Zergling x2, Overlord  
  173  9:40  Overlord  
  174  9:49  Zergling x4  
  171  9:59  Zergling x26  
  149  10:02  Zergling x2  
  149  10:05  Zergling x4  
  139  10:09  Zergling x4, Zerg Ground Armor Level 1  
  139  10:10  Zergling x4  
  139  10:11  Zergling x2  
  139  10:12  Ultralisk Cavern  
  139  10:13  Hydralisk  
  140  10:16  Hydralisk  
  140  10:19  Hydralisk x2  
  146  10:22  Zergling x10  
  146  10:25  Extractor  
  146  10:26  Drone  
  151  10:28  Zergling x4  
  151  10:29  Zergling x4  
  151  10:31  Zergling x4  
  151  10:34  Zergling x8  
  151  10:35  Zergling x4, Queen  
  162  10:36  Overlord  
  162  10:37  Zergling x2  
  162  10:38  Zergling x2  
  168  10:42  Zergling x4  
  168  10:43  Zergling x2  
  168  10:46  Hydralisk x2  
  168  10:49  Overlord  
  173  10:59  Chitinous Plating  
  173  11:00  Ultralisk x2  
  173  11:03  Ultralisk  
  173  11:04  Overlord x4  
  185  11:07  Overlord x2  
  185  11:08  Overlord x5  
  185  11:11  Hydralisk x2  
  156  11:12  Hydralisk x2  
  156  11:16  Drone  
  154  11:22  Zergling x22  
  154  11:23  Zergling x2  
  161  11:35  Ultralisk  
  161  11:36  Ultralisk  
  161  11:38  Overseer  
  172  11:45  Spore Crawler  
  167  11:47  Zergling x26  
  167  11:50  Zergling x2  
  167  11:51  Zergling x4  
  167  11:52  Zergling x2  
  179  11:58  Zergling x2  
  179  12:01  Zergling x6  
  164  12:06  Zergling x16  
  164  12:07  Zergling x2  
  164  12:08  Zergling x2  
  142  12:09  Zergling x2  
  142  12:12  Hydralisk  
  142  12:13  Hydralisk  
  123  12:16  Zergling x4, Hydralisk x2, Ultralisk  
  123  12:19  Hydralisk  
  123  12:22  Hydralisk x2  
  122  12:24  Hydralisk  
  122  12:27  Hydralisk  
  122  12:28  Zergling x2  
  122  12:29  Zergling x2  
  131  12:32  Zergling x2  
  128  12:38  Hydralisk x2  
  128  12:41  Zergling x4  
  128  12:43  Zergling x4  
  128  12:44  Zergling x4  
  131  12:52  Zergling x8  
  131  12:54  Drone  
  131  12:57  Hydralisk  
  131  12:58  Hydralisk  
  135  12:59  Zergling x2  
  135  13:01  Hydralisk x2  
  135  13:03  Zergling x4  
  142  13:07  Overseer  
  142  13:08  Zergling x6  
  142  13:10  Zergling x2  
  145  13:18  Spawning Pool  
  144  13:28  Hydralisk x3  
  144  13:29  Zergling x12  
  144  13:32  Zergling x4  
  153  13:39  Zergling x4, Hydralisk  
  154  13:47  Zergling x10  
  156  13:51  Zergling x6  
  156  13:53  Zergling x2  
  156  13:54  Hydralisk x2  
  162  13:56  Zergling x4  
  162  14:00  Zergling x4  
  162  14:01  Zergling x2  
  166  14:03  Zergling x4  
  166  14:04  Zergling x2  
  158  14:11  Zergling x4  
  158  14:14  Zergling x4  
  158  14:15  Zergling x4  
  162  14:17  Zergling x2  
  162  14:23  Hydralisk  
  162  14:24  Hydralisk x2  
  161  14:27  Zergling x4  
  163  14:31  Zergling x4  
  163  14:33  Zergling x8  
  163  14:37  Zergling x2  
  163  14:38  Zergling x2  
  144  14:42  Zergling x2  
  144  14:43  Zergling x4  
  131  14:47  Zergling x2  
Tags
 
Add a new tag
Caveats
  • Supply blocks, unpowered buildings, or Contaminate may cause inaccurate times.
  • Supply counts are checked every 10 seconds.